[Event "Team 45 45 League T36"]
[Site "Internet Chess Club"]
[Date "2008.02.19"]
[Round "4"]
[White "b2solo"]
[Black "theartist"]
[Result "1-0"]
[WhiteElo "1260"]
[BlackElo "1166"]
[Opening "Réti opening"]
[ECO "A04"]
[Time "20:00:38"]
[TimeControl "2700+45"]

1. Nf3 c5 2. g3 Nc6 3. Bg2 e6 4. d3 Nf6 5. O-O Be7 6. Nbd2 d6 7. c3 O-O 8. Re1
h6 9. e4 e5 10. Nf1 Be6 11. Ne3 b5 12. Nh4 Qd7 13. Nhf5 Bd8 14. Ng4 Bxf5 15.
exf5 Rc8 16. Nxf6+ Bxf6 17. Qg4 Ne7 18. Bxh6 Nxf5 19. Be4 g6 20. Bxf5 Qxf5 21.
Qxf5 gxf5 22. Bxf8 Kxf8 23. b3 d5 24. a4 b4 25. c4 dxc4 26. dxc4 e4 27. Rad1 Bd4
28. h4 Kg7 29. Kg2 Kh6 30. Rd2 Kh5 31. Red1 Rd8 32. Kf1 Kg4 33. Ke2 f4 34. Rh1
fxg3 35. fxg3 Kxg3 36. h5 Rh8 37. h6 f5 38. Kf1 Kf4 39. h7 Ke5 40. Rg2 Ke6 41.
Rg8 Kf7 42. Rxh8 Bxh8 43. Rg1 e3 44. Rg8 f4 45. Rxh8 Kg7 46. Ra8 Kxh7 47. Rxa7+
Kg6 48. Ke2 Kg5 49. Rf7 Kg4 50. a5 Kg5 51. a6 {Black resigns} 1-0

[Event "Team 45 45 League T36"]
[Site "Internet Chess Club"]
[Date "2008.02.16"]
[Round "4"]
[White "king4aknight"]
[Black "gsloan"]
[Result "0-1"]
[WhiteElo "989"]
[BlackElo "1192"]
[Opening "French defense"]
[ECO "C00"]
[Time "11:15:02"]
[TimeControl "2700+45"]

1. e4 e6 2. Nf3 d5 3. Bd3 b6 4. O-O Ba6 5. Nc3 Bxd3 6. cxd3 c5 7. d4 Nc6 8. Qa4
Qd7 9. Nb5 dxe4 10. Ne5 Nxe5 11. dxe5 a6 12. Rd1 Qxb5 13. Qxe4 Rd8 14. b3 Ne7
15. d3 Qc6 16. Qc4 b5 17. Qh4 Nf5 18. Qg5 h6 19. Qd2 Nh4 20. f3 Be7 21. Qf2 O-O
22. Qg3 Nf5 23. Qg4 Rd4 24. f4 Rfd8 25. Qe2 Qd5 26. g4 Rxd3 27. Bb2 Ne3 28. Rxd3
Qxd3 29. Qf3 Bh4 30. Ba3 Qd1+ 31. Rxd1 Rxd1+ 32. Qxd1 Nxd1 33. Bxc5 g6 34. Kf1
Kg7 35. Ke2 Nc3+ 36. Kf1 Nxa2 37. b4 Nc3 38. g5 hxg5 39. Be7 Kh6 40. Kg2 Nd5 41.
fxg5+ Bxg5 42. Bxg5+ Kxg5 43. Kf3 Nxb4 44. Ke4 a5 45. Kd4 Nc6+ 46. Kc5 Nxe5 47.
Kxb5 f5 48. Kxa5 f4 49. Kb4 f3 50. Kc3 f2 51. Kd2 f1=Q {White resigns} 0-1

[Event "Team 45 45 League T36"]
[Site "Internet Chess Club"]
[Date "2008.02.17"]
[Round "4"]
[White "Ghashgork"]
[Black "Qualm"]
[Result "1-0"]
[WhiteElo "1638"]
[BlackElo "1629"]
[Opening "Scotch gambit: Dubois-Réti defense"]
[ECO "C55"]
[Time "13:04:24"]
[TimeControl "2700+45"]

1. e4 e5 2. Nf3 Nc6 3. d4 exd4 4. Bc4 Nf6 5. e5 d5 6. Bb5 Ne4 7. Nxd4 Bc5 8. Be3
Bd7 9. Bxc6 bxc6 10. Nd2 Nxd2 11. Qxd2 Qe7 12. O-O Bb6 13. Rfe1 c5 14. Nf3 d4
15. Bg5 Qe6 16. Bf6 O-O 17. Bh4 Bc6 18. Qd3 c4 19. Qe2 Qg4 20. Bg3 Bd5 21. h3
Bxf3 22. hxg4 Bxe2 23. Rxe2 Rae8 24. Kf1 Re6 25. Rd2 f6 26. exf6 Rfxf6 27. Re2
Kf7 28. Rae1 Rxe2 29. Rxe2 Re6 30. Rxe6 Kxe6 31. Ke2 g6 32. f4 c6 33. Kf3 Bd8
34. Ke4 Bf6 35. Bf2 c5 36. b3 cxb3 37. axb3 a6 38. g5 Be7 39. g4 Kd6 40. f5 Bxg5
41. Bg3+ Ke7 42. fxg6 hxg6 43. Kd5 Be3 44. Bd6+ Kf6 45. Bxc5 Kg5 46. Bxd4 Bf4
47. Be5 Kxg4 48. c4 g5 49. c5 Kf5 50. Bxf4 {Black resigns} 1-0

[Event "Team 45 45 League T36"]
[Site "Internet Chess Club"]
[Date "2008.02.13"]
[Round "4"]
[White "quotha"]
[Black "crazynights"]
[Result "0-1"]
[WhiteElo "1541"]
[BlackElo "1524"]
[Opening "QGA: 3.e4"]
[ECO "D20"]
[Time "15:06:52"]
[TimeControl "2700+45"]

1. d4 d5 2. c4 dxc4 3. e4 Nf6 4. e5 Nd5 5. Bxc4 Bf5 6. Nf3 e6 7. O-O Be7 8. Nc3
c6 9. h3 h6 10. a3 Nd7 11. Bd3 Bxd3 12. Qxd3 O-O 13. Ne4 N7b6 14. Re1 Rc8 15.
Nc5 Bxc5 16. dxc5 Nd7 17. b4 Qe7 18. Re4 b6 19. Rg4 f5 20. exf6 Qxf6 21. Ra2 Ne5
22. Nxe5 Qxe5 23. Bb2 Qe1+ 24. Kh2 Nf6 25. Qg6 Nxg4+ 26. Qxg4 Rc7 27. Ra1 Qxf2
28. Qxe6+ Qf7 29. Qe5 Re7 30. Qc3 Qd5 31. Re1 Rff7 32. Rxe7 Rxe7 33. cxb6 axb6
34. a4 Qd6+ 35. Kg1 Qd1+ 36. Kh2 Qd6+ 37. Kh1 Rf7 38. Kg1 Qd1+ 39. Kh2 Qd7 40.
a5 bxa5 41. bxa5 Qc7+ 42. Kg1 Rd7 43. Qe5 Qxe5 44. Bxe5 Kf7 45. Kf2 Ke6 46. Bc3
Kd5 47. Ke3 Kc4 {White resigns} 0-1

[Event "Team 45 45 League T36"]
[Site "Internet Chess Club"]
[Date "2008.02.17"]
[Round "4"]
[White "Visin"]
[Black "john-beebs"]
[Result "1-0"]
[WhiteElo "1241"]
[BlackElo "1506"]
[Opening "English: Bremen, reverse dragon"]
[ECO "A22"]
[Time "14:29:26"]
[TimeControl "2700+45"]

1. c4 e5 2. Nc3 Nf6 3. g3 d5 4. cxd5 Nxd5 5. Bg2 Nxc3 6. bxc3 Bc5 7. e3 O-O 8.
Ne2 Re8 9. O-O c6 10. d4 Bd6 11. a4 e4 12. Ba3 Bc7 13. Qb1 Qd5 14. Re1 b6 15.
Nf4 Bxf4 16. exf4 Bf5 17. Qa2 Nd7 18. Qxd5 cxd5 19. Bc1 Rac8 20. Bd2 Nf6 21.
Rec1 a5 22. Bf1 Ng4 23. h3 e3 24. fxe3 Nxe3 25. g4 Bd7 26. Bb5 Bxb5 27. axb5 Nc4
28. Be1 Ra8 29. Bg3 a4 30. Re1 a3 31. f5 a2 32. Rxe8+ Rxe8 33. Rxa2 f6 34. Kf2
Nd6 {Black resigns} 1-0

[Event "Team 45 45 League T36"]
[Site "Internet Chess Club"]
[Date "2008.02.18"]
[Round "4"]
[White "tryanything"]
[Black "sra66"]
[Result "1/2-1/2"]
[WhiteElo "1678"]
[BlackElo "1518"]
[Opening "English: symmetrical variation"]
[ECO "A30"]
[Time "17:16:55"]
[TimeControl "2700+45"]

1. c4 c5 2. Nf3 Nf6 3. Nc3 e6 4. g3 b6 5. Bg2 Bb7 6. O-O Nc6 7. d3 d6 8. Bg5 Be7
9. e4 Qd7 10. h3 O-O 11. Re1 Rad8 12. d4 h6 13. Bxf6 Bxf6 14. e5 Be7 15. exd6
Qxd6 16. d5 Qc7 17. Qb3 exd5 18. Nxd5 Qd6 19. Rad1 Qb8 20. Rxe7 Rxd5 21. Rxb7
Rxd1+ 22. Qxd1 Qxb7 23. Ne5 Rd8 24. Qf3 Qe7 25. Nxc6 Qe1+ 26. Kh2 Rd1 27. g4 f6
28. Nxa7 Qe5+ 29. Qg3 Qxb2 30. Qb8+ Kh7 31. Be4+ g6 32. Qc7+ Kg8 33. Qc8+ Kh7
34. Qc7+ Kg8 35. Qc8+ {Game drawn by mutual agreement} 1/2-1/2

[Event "Team 45 45 League T36"]
[Site "Internet Chess Club"]
[Date "2008.02.17"]
[Round "4"]
[White "AndersO"]
[Black "klutzer"]
[Result "1/2-1/2"]
[WhiteElo "1430"]
[BlackElo "1491"]
[Opening "Scandinavian: Pytel-Wade variation"]
[ECO "B01"]
[Time "17:00:43"]
[TimeControl "2700+45"]

1. e4 d5 2. exd5 Qxd5 3. Nc3 Qd6 4. d4 Nf6 5. Nf3 a6 6. Be2 Nbd7 7. O-O e6 8.
Bg5 Be7 9. Qd2 b5 10. Bf4 Qb6 11. Rfe1 O-O 12. Rad1 Bd6 13. Ne5 Bb7 14. Bf3 Bxf3
15. Nxf3 Bxf4 16. Qxf4 c5 17. Ne5 Rad8 18. Qe3 cxd4 19. Qxd4 Qc7 20. Qe3 Nb6 21.
Rd2 Rxd2 22. Qxd2 Rd8 23. Qe2 Nbd5 24. Nxd5 Rxd5 25. Nf3 h6 26. Rd1 Qd7 27. Rd2
Rxd2 28. Qxd2 Qc7 29. h3 Nd5 30. c3 Qc4 31. a3 Qe4 32. Qd1 Nf4 33. Kh2 Nd5 34.
Nd2 Qf4+ 35. Kg1 Nb6 36. Qc2 Qe5 37. Nf3 Qc7 38. Nd2 Nc4 39. Nxc4 Qxc4 40. b3
Qc5 41. Qb2 a5 42. Kf1 e5 43. b4 axb4 44. axb4 Qc4+ 45. Ke1 Qe4+ 46. Kf1 Qd3+
47. Ke1 e4 48. Qd2 Qc4 49. Qd8+ Kh7 50. Qd4 Qc6 51. g3 f5 52. Qc5 Qd7 53. c4
bxc4 54. Qxc4 Qa7 55. Qc5 Qa1+ 56. Ke2 Qb2+ 57. Kf1 Qb1+ 58. Kg2 Kg6 59. Qc3 Qd1
60. b5 Qe2 61. b6 Qb5 62. Qe3 Kf7 63. f3 Qb2+ 64. Qf2 exf3+ 65. Kxf3 Qb3+ 66.
Kg2 g6 67. Qc5 Qb2+ 68. Kf3 Qb3+ 69. Qe3 Qd5+ 70. Kf2 Qa2+ 71. Kf3 Qd5+ 72. Kf2
Qa2+ 73. Kf3 {Game drawn by mutual agreement} 1/2-1/2

[Event "Team 45 45 League T36"]
[Site "Internet Chess Club"]
[Date "2008.02.17"]
[Round "4"]
[White "nathesh"]
[Black "archae13"]
[Result "1-0"]
[WhiteElo "1461"]
[BlackElo "1293"]
[Opening "Pirc: Holmov system"]
[ECO "B07"]
[Time "14:50:26"]
[TimeControl "2700+45"]

1. e4 d6 2. d4 Nf6 3. Nc3 g6 4. Bc4 Bg7 5. Be3 O-O 6. Nf3 b6 7. O-O c5 8. Qd2
Nc6 9. d5 Nd4 10. Bxd4 cxd4 11. Nxd4 e5 12. dxe6 fxe6 13. Nxe6 Bxe6 14. Bxe6+
Kh8 15. Rad1 Qe7 16. Qxd6 Qxd6 17. Rxd6 Nh5 18. Re1 Rab8 19. e5 b5 20. Bd7 b4
21. Ne4 Bxe5 22. Ra6 Bxb2 23. Rxa7 Nf6 24. Nxf6 Bxf6 25. Ra4 Bd4 26. Rf1 Rf7 27.
Be6 Rf6 28. Bb3 Rbf8 29. Rxb4 Bxf2+ 30. Kh1 Bc5 31. Rxf6 Rxf6 32. Rb8+ Rf8 33.
Rxf8+ Bxf8 34. a4 Bb4 35. g3 Kg7 36. Kg2 Kf6 37. Kf2 Ke5 38. Ke3 Bc5+ 39. Kd3
Bb6 40. Bg8 h6 41. Bf7 g5 42. Bg6 Bg1 43. h3 Bh2 44. g4 Bg1 45. a5 Kf4 46. a6
Kg3 47. Ke4 Kxh3 48. Kf5 Kg3 49. Bh5 Kf3 50. Kg6 Ba7 51. Kxh6 Kf4 52. Kg6 Bb6
53. Kf6 Ke4 54. Kxg5 Kd5 55. Kf6 Bd4+ 56. Kf7 Ke5 57. g5 Kf5 58. g6 Kg5 59. g7
Bxg7 60. Kxg7 Kxh5 61. a7 {Black resigns} 1-0

[Event "Team 45 45 League T36"]
[Site "Internet Chess Club"]
[Date "2008.02.15"]
[Round "4"]
[White "civilization"]
[Black "seldredg"]
[Result "1-0"]
[WhiteElo "1545"]
[BlackElo "1309"]
[Opening "Scandinavian (center counter) defense"]
[ECO "B01"]
[Time "20:37:45"]
[TimeControl "2700+45"]

1. e4 d5 2. exd5 Qxd5 3. d4 Nf6 4. Nf3 Bg4 5. Be2 e6 6. O-O Nc6 7. h3 Bh5 8. c4
Qd7 9. Nc3 g6 10. d5 Ne7 11. Ne5 Qc8 12. Qa4+ c6 13. Bg5 Nd7 14. Nxd7 Qxd7 15.
Bxh5 gxh5 16. Rad1 Rg8 17. dxc6 Qxc6 18. Qxc6+ Nxc6 19. Bh4 f5 20. Rfe1 Rg6 21.
Nd5 Kf7 22. Nf4 Re8 23. Rd7+ Be7 24. Nxg6 Kxg6 25. Bxe7 Nxe7 26. Rxe6+ Kf7 27.
Re5 h4 28. Rxf5+ Ke6 29. Rfd5 Nxd5 30. Rxd5 b6 31. Rh5 Rd8 32. Rxh7 Rd1+ 33. Kh2
a6 34. Rb7 Kd6 35. Rxb6+ Kc5 36. Rxa6 Kxc4 37. Ra8 Rd2 38. b3+ Kc3 39. f3 Kc2
40. b4 Kd1 41. b5 Ke1 42. b6 Kf1 43. Rg8 Rb2 44. Rg6 Rxa2 45. Rg7 Rb2 46. b7 Kf2
47. f4 Kf1 48. f5 Kf2 49. f6 {Black resigns} 1-0

[Event "Team 45 45 League T36"]
[Site "Internet Chess Club"]
[Date "2008.02.16"]
[Round "4"]
[White "furrbrain"]
[Black "EyeAm"]
[Result "0-1"]
[WhiteElo "1188"]
[BlackElo "1378"]
[Opening "Four knights: Scotch variation"]
[ECO "C47"]
[Time "14:06:23"]
[TimeControl "2700+45"]

1. e4 e5 2. Nf3 Nf6 3. Nc3 Nc6 4. d4 Bb4 5. dxe5 Nxe4 6. Be3 Nxc3 7. Qd3 Na4+ 8.
Bd2 Bxd2+ 9. Nxd2 O-O 10. Nc4 Qg5 11. g3 Nxe5 12. Qd4 Nf3+ {White resigns} 0-1

[Event "Team 45 45 League T36"]
[Site "Internet Chess Club"]
[Date "2008.02.17"]
[Round "4"]
[White "Hastings"]
[Black "carolinaknight"]
[Result "1-0"]
[WhiteElo "1311"]
[BlackElo "1230"]
[Opening "French: advance variation"]
[ECO "C02"]
[Time "15:10:15"]
[TimeControl "2700+45"]

1. e4 e6 2. d4 d5 3. e5 c5 4. c3 Qb6 5. Nf3 Nc6 6. a3 cxd4 7. cxd4 Nge7 8. b4
Nf5 9. Be3 Nxe3 10. fxe3 Be7 11. Nc3 O-O 12. Bd3 Bd7 13. O-O h6 14. Qc2 Rac8 15.
Na4 Qd8 16. Nc5 Rc7 17. Rac1 Bg5 18. Nxg5 Qxg5 19. Rf3 Qe7 20. Rcf1 Qg5 21. Qf2
Be8 22. Nxe6 Qe7 23. Nxf8 Qxf8 24. Bg6 Ne7 25. Bxf7+ {Black resigns} 1-0

[Event "Team 45 45 League T36"]
[Site "Internet Chess Club"]
[Date "2008.02.16"]
[Round "4"]
[White "PsyMar"]
[Black "MeansToAnEnd"]
[Result "1-0"]
[WhiteElo "1205"]
[BlackElo "941"]
[Opening "Sicilian"]
[ECO "B54"]
[Time "13:04:23"]
[TimeControl "2700+45"]

1. e4 c5 2. Nf3 d6 3. d4 cxd4 4. Nxd4 Nc6 5. Bb5 Bd7 6. O-O a6 7. Nxc6 bxc6 8.
Bc4 c5 9. Qf3 Nf6 10. e5 dxe5 11. Re1 e4 12. Rxe4 Nxe4 13. Qxf7# {Black
checkmated} 1-0

[Event "Team 45 45 League T36"]
[Site "Internet Chess Club"]
[Date "2008.02.14"]
[Round "4"]
[White "kinchknifeblade"]
[Black "Mutaant"]
[Result "1-0"]
[WhiteElo "1381"]
[BlackElo "1414"]
[Opening "QGD: Harrwitz attack"]
[ECO "D35"]
[Time "22:31:51"]
[TimeControl "2700+45"]

1. d4 d5 2. c4 Nf6 3. Nc3 e6 4. Bf4 c6 5. e3 Nbd7 6. Qc2 Bb4 7. O-O-O Qa5 8. a3
Bxc3 9. Qxc3 Qxc3+ 10. bxc3 Ne4 11. Kc2 Nxf2 12. Be2 Nxh1 13. Nh3 Nb6 14. Rxh1
Nxc4 15. a4 Nb6 16. Be5 f6 17. Bg3 Nxa4 18. Rf1 b5 19. Bd6 Nb6 20. Nf4 Nc4 21.
Bxc4 bxc4 22. h4 Kd7 23. Bc5 a5 24. Ra1 e5 25. dxe5 fxe5 26. Nh5 g6 27. Nf6+ Ke6
28. Rf1 a4 29. Kb2 Ra5 30. Bb4 Rb5 31. Ka2 c5 32. Ba3 Rf8 33. Nxd5 Rxf1 34. Nc7+
Kf5 35. Nxb5 Rf2+ 36. Kb1 Rxg2 37. Nd6+ Kg4 38. Nxc8 Kxh4 39. Bxc5 g5 40. Nb6 g4
41. Nxc4 g3 42. Nxe5 Rg1+ 43. Ka2 g2 44. Nf3+ Kh3 45. Nxg1+ Kh2 46. e4 Kg3 47.
e5 Kf4 48. e6 {Black resigns} 1-0

[Event "Team 45 45 League T36"]
[Site "Internet Chess Club"]
[Date "2008.02.18"]
[Round "4"]
[White "moreffee"]
[Black "taijifan"]
[Result "1-0"]
[WhiteElo "1337"]
[BlackElo "1295"]
[Opening "Tennison (Lemberg, Zukertort) gambit"]
[ECO "A06"]
[Time "14:11:43"]
[TimeControl "2700+45"]

1. Nf3 d5 2. e4 dxe4 3. Ng5 Nf6 4. Nc3 Bf5 5. Bc4 e6 6. f3 exf3 7. Qxf3 h6 8.
Nxf7 Kxf7 9. Qxf5 Qe8 10. O-O Nd7 11. d4 c5 12. Be3 g6 13. Qf3 Kg7 14. Rae1 cxd4
15. Bxd4 e5 16. Bxe5 Nxe5 17. Qxf6+ {Black resigns} 1-0

[Event "Team 45 45 League T36"]
[Site "Internet Chess Club"]
[Date "2008.02.15"]
[Round "4"]
[White "SeniorCitizen"]
[Black "knight2f3"]
[Result "1/2-1/2"]
[WhiteElo "1335"]
[BlackElo "1366"]
[Opening "Sicilian: Scheveningen (Paulsen), classical variation"]
[ECO "B84"]
[Time "14:04:17"]
[TimeControl "2700+45"]

1. e4 c5 2. Nf3 d6 3. d4 cxd4 4. Nxd4 Nf6 5. Nc3 a6 6. Be2 e6 7. O-O Be7 8. Nb3
b5 9. e5 dxe5 10. Qxd8+ Bxd8 11. Be3 O-O 12. Bf3 e4 13. Nxe4 Nd5 14. Bc5 Be7 15.
Bxe7 Nxe7 16. Nd6 Ra7 17. Nxc8 Rxc8 18. Rfd1 Nd7 19. Rd2 Nf6 20. Rad1 Ned5 21.
Bxd5 Nxd5 22. a3 h6 23. g3 a5 24. Nd4 b4 25. a4 Rac7 26. Kg2 Nb6 27. b3 Nd5 28.
Rc1 Nc3 29. Ra1 Rc5 30. Ne2 Ne4 31. Rd4 Nc3 32. Nxc3 Rxc3 33. Rc4 R8xc4 34. bxc4
Rxc2 35. Rd1 Rxc4 36. Rd8+ Kh7 37. Rb8 Rc3 38. Rb5 Ra3 39. Rxa5 b3 40. Rb5 Kg8
41. a5 Kf8 42. a6 Ke7 43. a7 b2 44. Rb7+ Kd6 45. Rxb2 Rxa7 46. Rb8 Rc7 47. h3
Kd5 48. Rb2 e5 49. Rd2+ Ke6 50. Re2 f5 51. f4 e4 52. Rb2 Rd7 53. Re2 Rd6 54. Kf2
g5 55. Kg2 gxf4 56. gxf4 Rd7 57. Rb2 Rd3 58. Rb6+ Rd6 59. Rb2 Kf6 60. Kg3 Rd3+
61. Kg2 Rf3 62. Rb6+ Kg7 63. Rb7+ Kg6 64. Rb6+ Kf7 65. Rxh6 Rxf4 66. Rb6 e3 67.
Rb2 Kf6 68. Re2 Ke5 69. Rxe3+ Re4 70. Kf3 Kd4 71. Rxe4+ fxe4+ 72. Ke2 Ke5 73.
Ke3 Kf5 74. h4 Kg4 75. Kxe4 Kxh4 {Game drawn because neither player has mating
material} 1/2-1/2

[Event "Team 45 45 League T36"]
[Site "Internet Chess Club"]
[Date "2008.02.20"]
[Round "4"]
[White "joaoazm"]
[Black "chips"]
[Result "1-0"]
[WhiteElo "1133"]
[BlackElo "1164"]
[Opening "Four knights game"]
[ECO "C47"]
[Time "16:08:56"]
[TimeControl "2700+45"]

1. e4 e5 2. Nc3 Nf6 3. Nf3 Nc6 4. d3 Bb4 5. Bd2 O-O 6. Be2 Ng4 7. h3 Nf6 8. a3
Bxc3 9. Bxc3 d6 10. O-O Nh5 11. Nh2 Nf4 12. Bf3 Qg5 13. Kh1 Ne7 14. Bd2 Neg6 15.
g3 Bxh3 16. Re1 Qh6 17. gxf4 exf4 18. Bg4 Qh4 19. Bxh3 Qxh3 20. Qf3 Qh6 21. Rg1
f5 22. Rg2 Rae8 23. Rag1 Re6 24. Rg3 Qh4 25. Rh3 Qf6 26. Bc3 Qf7 27. Qh5 h6 28.
exf5 Rf6 29. Bxf6 Qxf6 30. Qxg6 Qxb2 31. Rxh6 {Black resigns} 1-0

[Event "Team 45 45 League T36"]
[Site "Internet Chess Club"]
[Date "2008.02.15"]
[Round "4"]
[White "bmw2002"]
[Black "C-Jones"]
[Result "1-0"]
[WhiteElo "1671"]
[BlackElo "1564"]
[Opening "English opening"]
[ECO "A20"]
[Time "20:40:21"]
[TimeControl "2700+45"]

1. c4 e5 2. g3 Nf6 3. Bg2 d5 4. cxd5 Nxd5 5. Nc3 Nxc3 6. bxc3 Nd7 7. Nf3 Bd6 8.
O-O O-O 9. Rb1 Rb8 10. d4 exd4 11. Nxd4 Nf6 12. Nc6 bxc6 13. Rxb8 Qd7 14. Qa4
Nd5 15. Bb2 Bc5 16. Qc4 Bb6 17. Qd3 Qe6 18. c4 Nb4 19. Qc3 {Black resigns} 1-0

[Event "Team 45 45 League T36"]
[Site "Internet Chess Club"]
[Date "2008.02.16"]
[Round "4"]
[White "BraafPaard"]
[Black "Luckydawg"]
[Result "1/2-1/2"]
[WhiteElo "1563"]
[BlackElo "1666"]
[Opening "Pirc: classical system, 5.Be2"]
[ECO "B08"]
[Time "08:01:43"]
[TimeControl "2700+45"]

1. e4 d6 2. d4 Nf6 3. Nc3 g6 4. Nf3 Bg7 5. Be2 O-O 6. O-O Bg4 7. h3 Bxf3 8. Bxf3
e5 9. dxe5 dxe5 10. Be3 c6 11. Qxd8 Rxd8 12. Rfd1 Nbd7 13. Na4 Bf8 14. a3 Kg7
15. b4 b5 16. Nb2 Nb6 17. Kf1 Be7 18. Ke1 Ne8 19. Rac1 Nd6 20. Bc5 Kf8 21. Bxd6
Rxd6 22. Rxd6 Bxd6 23. c4 c5 24. cxb5 cxb4 25. a4 Rc8 26. Rxc8+ Nxc8 27. Kd2 Nb6
28. Be2 Ke7 29. Kc2 Nd7 30. a5 Nc5 31. f3 Bc7 32. a6 Kd7 33. Nd3 Nxd3 34. Bxd3
Bb6 35. Kb3 Bc5 36. Kc4 Kd6 37. h4 h6 38. f4 f6 39. f5 g5 40. hxg5 hxg5 41. Be2
b3 42. Kxb3 Ke7 43. Kc4 Bd4 44. Kd5 Bb6 45. Kc6 Bd4 {Game drawn by mutual
agreement} 1/2-1/2

[Event "Team 45 45 League T36"]
[Site "Internet Chess Club"]
[Date "2008.02.17"]
[Round "4"]
[White "Mantra"]
[Black "curtintime"]
[Result "1/2-1/2"]
[WhiteElo "1575"]
[BlackElo "1388"]
[Opening "English opening"]
[ECO "A20"]
[Time "15:01:16"]
[TimeControl "2700+45"]

1. c4 e5 2. g3 Nf6 3. Bg2 Bc5 4. e3 c6 5. Ne2 d5 6. cxd5 Nxd5 7. O-O Be6 8. Nbc3
O-O 9. a3 a5 10. Qc2 Be7 11. d4 Nd7 12. Bd2 b5 13. Nxd5 Bxd5 14. Rac1 Rc8 15.
Bc3 exd4 16. Bxd4 Bxg2 17. Kxg2 c5 18. Bc3 b4 19. Bd2 Qb6 20. Qf5 Qc6+ 21. Qf3
Qxf3+ 22. Kxf3 Ne5+ 23. Kg2 Nd3 24. Rc2 Bf6 25. axb4 cxb4 26. Rxc8 Rxc8 27. b3
Bc3 28. Bxc3 bxc3 29. Nc1 Nc5 30. Rd1 a4 31. bxa4 Nxa4 32. Rd7 Kf8 33. Ra7 Nc5
34. Kf1 Rd8 35. Ke2 Rd2+ 36. Kf3 Nd3 37. Nxd3 Rxd3 38. Rc7 f5 39. Ke2 Rd2+ 40.
Ke1 Rc2 41. Kd1 Rxf2 42. Rxc3 Rxh2 43. Ke1 Rg2 44. e4 fxe4 45. Re3 g6 46. Kf1
Ra2 47. Rxe4 Kg7 48. Re3 Kh6 49. Rb3 Kh5 50. Rc3 h6 51. Rb3 g5 52. Rc3 Kg4 53.
Rb3 h5 54. Rc3 h4 55. gxh4 Kxh4 56. Rc7 g4 57. Rg7 Kh3 58. Rg6 Ra1+ 59. Kf2 Ra2+
60. Kf1 Kg3 61. Rg7 Kf3 62. Rf7+ Kg3 63. Rg7 Rf2+ 64. Kg1 Rf4 65. Rg6 Kh3 66.
Rh6+ Kg3 67. Rg6 Kf3 68. Rg7 Ra4 69. Rf7+ Rf4 70. Rg7 Ra4 71. Rf7+ Kg3 72. Rf1
Kh3 73. Rf7 g3 74. Rh7+ Kg4 75. Rg7+ Kf3 76. Rf7+ Rf4 77. Rxf4+ Kxf4 78. Kg2 Kg4
79. Kg1 Kf3 80. Kf1 Kg4 81. Kg2 Kh4 82. Kg1 Kh3 83. Kh1 {Game drawn by mutual
agreement} 1/2-1/2

[Event "Team 45 45 League T36"]
[Site "Internet Chess Club"]
[Date "2008.02.14"]
[Round "4"]
[White "DonPacheco"]
[Black "Zyme"]
[Result "1-0"]
[WhiteElo "1612"]
[BlackElo "1434"]
[Opening "French: Tarrasch, closed variation"]
[ECO "C05"]
[Time "18:58:57"]
[TimeControl "2700+45"]

1. e4 e6 2. d4 d5 3. Nd2 Nf6 4. e5 Nfd7 5. Bd3 c5 6. c3 Nc6 7. Ne2 Qb6 8. Nf3
cxd4 9. cxd4 f6 10. exf6 Nxf6 11. O-O Bd6 12. b3 O-O 13. Bf4 Be7 14. Rc1 Bd7 15.
Bb1 Rac8 16. Ne5 Nxe5 17. Bxe5 Ng4 18. Bg3 Rxc1 19. Qxc1 Rc8 20. Qb2 Bb5 21. h3
Nf6 22. Rd1 Qa6 23. Nc3 Ba3 24. Qa1 Bd7 25. Bd3 Qa5 26. Ne2 Bb5 27. Qb1 Bd7 28.
Bf4 Qb4 29. Bd2 Qb6 30. Bc1 Bd6 31. Bg5 Bb5 32. Bxf6 Bxd3 33. Qxd3 gxf6 34. Qe3
Rc2 35. Qxe6+ Kg7 36. Qg4+ Kf8 37. Qf3 Ba3 38. Nc3 Qe6 39. Qxd5 Qb6 40. Qf3 Qd6
41. Nb5 Qa6 42. Nxa3 Qxa3 43. Qxf6+ Ke8 44. Re1+ Kd7 45. Qf5+ Kc6 46. Qxc2+
{Black resigns} 1-0

[Event "Team 45 45 League T36"]
[Site "Internet Chess Club"]
[Date "2008.02.17"]
[Round "4"]
[White "Ocho-Cinco"]
[Black "Rookmaster"]
[Result "0-1"]
[WhiteElo "1774"]
[BlackElo "1641"]
[Opening "Sicilian"]
[ECO "B50"]
[Time "15:54:47"]
[TimeControl "2700+45"]

1. e4 c5 2. Nf3 d6 3. c3 g6 4. Bc4 Bg7 5. d3 Nf6 6. Ng5 O-O 7. f4 Nbd7 8. O-O h6
9. Nh3 Nb6 10. Bb3 Bxh3 11. gxh3 Qc7 12. f5 c4 13. Bc2 cxd3 14. Qxd3 Rac8 15.
fxg6 fxg6 16. Qg3 Nh5 17. Rxf8+ Rxf8 18. Qd3 Be5 19. Bxh6 Bxh2+ 20. Kxh2 d5+ 21.
Kg1 dxe4 22. Qe3 Rf3 23. Qe1 Rg3+ 24. Kh1 Rxh3+ 25. Kg1 Qh2+ 26. Kf1 Rf3+ {White
resigns} 0-1

[Event "Team 45 45 League T36"]
[Site "Internet Chess Club"]
[Date "2008.02.17"]
[Round "4"]
[White "Tyler"]
[Black "RingLord"]
[Result "0-1"]
[WhiteElo "1393"]
[BlackElo "1563"]
[Opening "Sicilian defense"]
[ECO "B40"]
[Time "18:03:59"]
[TimeControl "2700+45"]

1. e4 c5 2. Nf3 e6 3. Nc3 Nc6 4. d3 g6 5. Bg5 f6 6. Bd2 Bg7 7. Be2 Nge7 8. O-O
d5 9. Qc1 d4 10. Nb5 a6 11. Na3 b5 12. c3 Bd7 13. Nc2 e5 14. Re1 O-O 15. Bh6 Rc8
16. Bxg7 Kxg7 17. h3 Rc7 18. Qd2 Qc8 19. Bf1 h6 20. Nh4 g5 21. Nf3 Ng6 22. g4
Nf4 23. Red1 Bxg4 24. Nce1 Bxh3 25. Nh2 Bxf1 26. Nxf1 Qg4+ 27. Ng3 h5 28. Ng2
Nxg2 29. Kxg2 h4 30. Rg1 hxg3 31. Kf1 Qh3+ 32. Ke1 g2 33. Qe2 dxc3 34. bxc3 c4
35. Kd2 cxd3 36. Qxd3 Rd8 37. f3 Rxd3+ 38. Kxd3 Qxf3+ 39. Kd2 Rd7+ 40. Kc2 Qe2+
41. Kb3 Qc4+ 42. Kc2 Nb4+ 43. Kb2 Rd2+ 44. Kc1 Qxc3+ 45. Kb1 Qb2# {White
checkmated} 0-1

[Event "Team 45 45 League T36"]
[Site "Internet Chess Club"]
[Date "2008.02.17"]
[Round "4"]
[White "okun"]
[Black "bajerk"]
[Result "1-0"]
[WhiteElo "1550"]
[BlackElo "1329"]
[Opening "Réti: King's Indian attack (Barcza system)"]
[ECO "A07"]
[Time "10:04:28"]
[TimeControl "2700+45"]

1. Nf3 d5 2. g3 Nf6 3. Bg2 Nc6 4. O-O b6 5. c4 Bb7 6. cxd5 Nxd5 7. b3 e6 8. Bb2
Qd7 9. Nc3 Nxc3 10. Bxc3 f6 11. d4 O-O-O 12. e3 Nb4 13. Bb2 Ba6 14. Re1 Nd3 15.
Re2 Nxb2 16. Rxb2 g5 17. a4 Bb7 18. a5 Qd5 19. a6 Ba8 20. Ne1 Qb5 21. Bxa8 Bd6
22. Rc2 h5 23. Qf3 Qxb3 24. Rac1 Kd7 25. Qb7 Rxa8 26. Rxc7+ Bxc7 27. Rxc7+ Kd8
28. Rd7+ Ke8 29. Re7+ Kf8 30. Rf7+ Kg8 31. Rg7+ {Black resigns} 1-0

[Event "Team 45 45 League T36"]
[Site "Internet Chess Club"]
[Date "2008.02.15"]
[Round "4"]
[White "fileman"]
[Black "Fegary"]
[Result "0-1"]
[WhiteElo "1865"]
[BlackElo "1982"]
[Opening "Pirc: Austrian attack, 6.Be3"]
[ECO "B09"]
[Time "14:03:09"]
[TimeControl "2700+45"]

1. e4 d6 2. d4 Nf6 3. Nc3 g6 4. f4 Bg7 5. Nf3 O-O 6. Be3 d5 7. e5 Ng4 8. Bg1 e6
9. h3 Nh6 10. Bd3 c5 11. dxc5 f6 12. Nb5 fxe5 13. fxe5 Nf7 14. Bd4 Nxe5 15. Bxe5
Bxe5 16. O-O Bxb2 17. Rb1 Bg7 18. Nfd4 a6 19. Nxe6 Bxe6 20. Rxf8+ Qxf8 21. Nd6
Qf4 22. Qe2 Bd4+ 23. Kh1 Be5 24. Kg1 Qh2+ 25. Kf2 Nc6 26. Rxb7 Rf8+ 27. Ke1 Bc3+
{White resigns} 0-1